 Dungeon Crawl Stone Soup version 0.30-a0-29-g142975f185 (webtiles) character file.

Game seed: 8034135354933941276

225658 Flugkiller the Warrior (level 18, -3/172 HPs)
             Began as a Minotaur Fighter on Aug 25, 2022.
             Was a High Priest of Okawaru.
             Slain by a bone dragon (14 damage)
             ... on level 4 of the Abyss.
             The game lasted 00:21:14 (34080 turns).

Flugkiller the Warrior (Minotaur Fighter)          Turns: 34080, Time: 00:21:15

Health: -3/172     AC: 35    Str: 23    XL:     18   Next: 19%
Magic:  21/25      EV: 14    Int:  5    God:    Okawaru [*****.]
Gold:   1654       SH: 18    Dex: 17    Spells: 17/17 levels left

rFire   . . .      SeeInvis .    a - +9 broad axe (drain)
rCold   + . .      Faith    .    T - +2 kite shield {reflect}
rNeg    + + .      Spirit   .    x - +0 crystal plate armour
rPois   +          Reflect  +    c - +1 hat of Skepticism {Str+5}
rElec   +          Harm     .    (no cloak)
rCorr   .          Rampage  .    Z - +2 pair of gloves
Will    +....                    G - +0 pair of boots
Stlth   ..........               R - amulet of Yghaateh {rElec Regen+}
HPRegen 1.18/turn                y - ring of the Gastropod {rPois rC+ rN++ EV+4}
MPRegen 0.19/turn                S - ring of Piodwiph {Fly rPois Str-4 Slay+6 Stlth-}

@: mighty, heroic, on berserk cooldown, flying, hasted and slowed
A: horns 2, retaliatory headbutt
}: 2/15 runes: serpentine, barnacled
a: Renounce Religion, Heroism, Finesse, Duel


You were on level 4 of the Abyss.
You worshipped Okawaru.
Okawaru was extremely pleased with you.
You visited 5 branches of the dungeon, and saw 30 of its levels.
You visited the Abyss 1 time.
You also visited: Gauntlet.

You collected 2535 gold pieces.
You spent 881 gold pieces at shops.

Inventory:

Hand Weapons
 a - a +9 broad axe of draining (weapon)
   (You bought it in a shop on level 11 of the Dungeon)
 b - a +0 war axe of distortion
   (Okawaru gifted it to you on level 13 of the Dungeon)
Missiles
 m - 4 throwing nets
 L - 11 silver javelins (quivered)
Armour
 c - the +1 hat of Skepticism (worn) {Str+5}
   (Okawaru gifted it to you on level 14 of the Dungeon)

   Str:       It affects your strength (+5).
 o - a +2 plate armour of fire resistance
   (You took it off an orc warrior on level 8 of the Dungeon)
 x - a +0 crystal plate armour (worn)
   (You took it off Donald on level 1 of the Shoals)
 G - a +0 pair of boots (worn)
   (You found it on level 4 of the Dungeon)
 T - a +2 kite shield of reflection (worn)
   (You took it off Donald on level 1 of the Shoals)
 Z - a +2 pair of gloves (worn)
   (You bought it in a shop on level 3 of the Snake Pit)
Jewellery
 i - a ring of see invisible
   (You took it off a centaur warrior on level 12 of the Dungeon)
 j - the ring of Xoplew {rElec rF+ Dex+3}
   (You found it on level 4 of the Shoals)

   [ring of protection from fire]

   Dex:       It affects your dexterity (+3).
   rF:        It protects you from fire.
   rElec:     It insulates you from electricity.
 k - a ring of resist corrosion
   (You found it on level 3 of the Lair of Beasts)
 v - a +4 ring of evasion
   (You found it on level 5 of the Dungeon)
 y - the ring of the Gastropod (left hand) {rPois rC+ rN++ EV+4}
   (You bought it in a shop on level 4 of the Dungeon)

   [ring of evasion]

   EV:        It affects your evasion (+4).
   rC:        It protects you from cold.
   rPois:     It protects you from poison.
   rN:        It greatly protects you from negative energy.
 I - the ring of Egiwit {rPois rC+ Dex+6 SInv}
   (You found it in a Gauntlet)

   [ring of dexterity]

   Dex:       It affects your dexterity (+6).
   rC:        It protects you from cold.
   rPois:     It protects you from poison.
   SInv:      It lets you see invisible.
 K - a +4 ring of evasion
   (You found it in a Gauntlet)
 R - the amulet of Yghaateh (around neck) {rElec Regen+}
   (You acquired it on level 2 of the Orcish Mines)

   [amulet of regeneration]

   rElec:     It insulates you from electricity.
   Regen:     It increases your rate of health regeneration.
 S - the ring of Piodwiph (right hand) {Fly rPois Str-4 Slay+6 Stlth-}
   (You took it off a gnoll sergeant on level 12 of the Dungeon)

   [ring of flight]

   Str:       It affects your strength (-4).
   Slay:      It affects your accuracy & damage with ranged weapons and melee
   (+6).
   rPois:     It protects you from poison.
   Fly:       It grants you flight.
   Stlth:     It makes you less stealthy.
 X - a +4 ring of evasion
   (You found it on level 1 of the Snake Pit)
Wands
 g - a wand of digging (4)
   (You found it on level 8 of the Dungeon)
 E - a wand of paralysis (23)
   (You found it on level 7 of the Dungeon)
 M - a wand of iceblast (13)
   (You found it in a Gauntlet)
 Y - a wand of light (10)
   (You found it on level 9 of the Dungeon)
Scrolls
 l - 4 scrolls of magic mapping
 n - 9 scrolls of fog
 p - a scroll of enchant weapon
 r - 11 scrolls of identify
 t - 6 scrolls of teleportation
 u - 5 scrolls of immolation
 z - 7 scrolls of blinking
 H - 7 scrolls of enchant armour
 J - 5 scrolls of vulnerability
 O - 2 scrolls of fear
 U - 3 scrolls of silence
 W - a scroll of brand weapon
Potions
 d - 5 potions of might
 e - 5 potions of mutation
 f - a potion of magic
 h - a potion of haste
 q - 13 potions of curing
 s - 2 potions of berserk rage
 w - 2 potions of heal wounds
 A - 2 potions of lignification
 B - a potion of ambrosia
 D - 2 potions of cancellation
 P - 3 potions of resistance {unknown}
 Q - 2 potions of brilliance {unknown}
Miscellaneous
 F - a condenser vane
   (You found it on level 12 of the Dungeon)


   Skills:
 + Level 18.2(23.2) Fighting
 - Level 18.0(23.0) Axes
 + Level 12.5(17.5) Throwing
 + Level 18.1(23.1) Armour
 + Level 5.9(10.9) Dodging
 - Level 15.0(20.0) Shields
 - Level 11.0 Invocations
 - Level 6.0 Evocations


You had 17 spell levels left.
You didn't know any spells.
Your spell library was empty.

Dungeon Overview and Level Annotations

Branches:
Dungeon (15/15)            Temple (0/1) D:5            Lair (5/5) D:11
 Shoals (4/4) Lair:3        Snake (4/4) Lair:3          Orc (2/2) D:10
    Elf (0/3) Orc:2        Vaults (0/5) D:13         Depths (0/4) D:15
Gauntlet (visited)
  Slime: Lair:4-5

Altars:
Dithmenos
Gozag
Nemelex Xobeh
Okawaru
Qazlal
Trog
Uskayaw
Vehumet
Xom
Yredelemnul
Jiyva

Shops:
D:4 *   D:5 *   D:11 (   Orc:1 *   Orc:2 *!=*   Snake:1 *   Snake:3 (([:

Annotations:
D:6 3 runed translucent doors, Nebesus's ghost, amateur NaNe
D:9 4 runed translucent doors
D:10 1 runed translucent door, jt's ghost, journeyman PaHW
D:15 1 runed translucent door, Gahoodgh's ghost, adept HuCj
Lair:1 3 runed translucent doors, Flugkiller's ghost, journeyman MiFi
Lair:4 exclusion: oklob plant
Orc:2 3 runed translucent doors, zikan's ghost, journeyman DsNe
Abyss:4 1 runed translucent door


Innate Abilities, Weirdness & Mutations

You have a pair of horns on your head.
You reflexively headbutt those who attack you in melee.


Message History

You kill the apocalypse crab!
Okawaru accepts your kill.
You slice the large abomination!! You slash the bone dragon!
You are engulfed in seething chaos.
You are slowing down.
The large abomination is engulfed in seething chaos.
You block the large abomination's attack.
Thorny briars emerge from the ground!
You block the large abomination's attack.
The thorn hunter fires a volley of thorns at you.
The volley of thorns hits you!!!
Your limbs are stiffening.
You feel a strong urge to attack something.
The large abomination stops moving altogether!
You block the bone dragon's attack. x2; The bone dragon closely misses you.
The thorn hunter gestures.
Thorny briars emerge from the ground!
The bone dragon bites you.
The bone dragon claws you but does no damage.
The bone dragon closely misses you.
The thorn hunter gestures.
You have turned to stone.
A chorus of shrieks assaults your mind. The bone dragon bites you!
The bone dragon claws you but does no damage.
The bone dragon tramples you but does no damage.
The thorn hunter fires a volley of thorns at you.
The volley of thorns hits you!
The bone dragon bites you but does no damage.
The bone dragon claws you! The bone dragon tramples you.
You hold your ground!
The bone dragon bites you!
The bone dragon claws you but does no damage.
The bone dragon tramples you but does no damage.
The thorn hunter gestures.
Thorny briars emerge from the ground!
The bone dragon bites you but does no damage.
The bone dragon claws you but does no damage.
The bone dragon tramples you!
You hold your ground!
The bone dragon bites you!!
The bone dragon claws you but does no damage.
The bone dragon tramples you but does no damage.
You hear a roar!
The bone dragon is no longer moving slowly.
The thorn hunter fires a volley of thorns at you.
The volley of thorns hits you!!
A starcursed mass splits.
A chorus of shrieks assaults your mind.
* * * LOW HITPOINT WARNING * * *
The bone dragon bites you!
* * * LOW HITPOINT WARNING * * *
The bone dragon claws you but does no damage.
The bone dragon barely misses you.
You feel yourself speed up. A chorus of shrieks assaults your mind.
* * * LOW HITPOINT WARNING * * *
The bone dragon barely misses you.
The bone dragon claws you but does no damage.
The bone dragon tramples you but does no damage.
The bone dragon bites you!
* * * LOW HITPOINT WARNING * * *
The bone dragon claws you but does no damage.
The bone dragon tramples you but does no damage.
The thorn hunter fires a volley of thorns at you.
The volley of thorns hits you.
* * * LOW HITPOINT WARNING * * *
You are no longer berserk.
You feel yourself slow down. A chorus of shrieks assaults your mind.
* * * LOW HITPOINT WARNING * * *
The bone dragon bites you but does no damage.
The bone dragon claws you but does no damage.
The bone dragon tramples you.
You hold your ground!
The thorn hunter fires a volley of thorns at you.
The volley of thorns hits you but does no damage.
The bone dragon bites you but does no damage.
The bone dragon claws you but does no damage.
The bone dragon tramples you but does no damage.
The thorn hunter fires a volley of thorns at you.
The volley of thorns hits you.
* * * LOW HITPOINT WARNING * * *
The bone dragon bites you!!
* * * LOW HITPOINT WARNING * * *
The bone dragon claws you but does no damage.
The bone dragon tramples you but does no damage.
The bone dragon bites you!
* * * LOW HITPOINT WARNING * * *
The bone dragon claws you but does no damage.
The bone dragon tramples you but does no damage.
You turn to flesh and can move again.
You slice the bone dragon!!
The bone dragon is moderately damaged.
You slice the briar patch!!
You destroy the briar patch!
You slash the briar patch!
You destroy the briar patch!
You are struck by the briar patch's thorns.
* * * LOW HITPOINT WARNING * * *
You slash the briar patch! You hit the bone dragon.
The large abomination is no longer petrified.
A chorus of shrieks assaults your mind.
* * * LOW HITPOINT WARNING * * *
The thorn hunter gestures.
The bone dragon bites you!
You die... . # # ..#.# # #. . .. ...#~ .##.
P##P#PP.P #. ..# PPPPPP.PP

......#§ #.#....#
#..#....###...#...
.. #.XXXX....... .
..# #.###D.D#⌠..
#.. ..# #.@.# #.#
##.P.# #. ⌠#PPP+ #
..##.fP# ##
..#...P# . #.
..#..### # # .
#.## # # # .## ###
# .####. #φ


You could see 2 bone dragons, 2 starcursed masses, a thorn hunter and a large
abomination.

Vanquished Creatures
  Asterion (Snake:1)
  2 quicksilver dragons (Snake:4)
  2 krakens (Shoals:4)
  A tentacled starspawn (Abyss:4)
  Kirke (Snake:3)
  An azure jelly (Lair:4)
  Ilsuiw (Shoals:4)
  6 nagarajas
  Donald (Shoals:1)
  Aizul (Snake:3)
  A minotaur (Gauntlet)
  A fire dragon (D:15)
  8 merfolk javelineers
  2 merfolk impalers (Shoals:4)
  4 boulder beetles
  Harold (Orc:1)
  3 salamander tyrants (Snake:4)
  11 hydras
  Erolcha (D:10)
  An ice dragon (D:15)
  5 merfolk avatars
  6 centaur warriors
  4 two-headed ogres
  3 death knights
  2 alligator snapping turtles
  2 catoblepae
  3 satyrs
  A merfolk aquamancer (Shoals:2)
  7 anacondas
  11 naga warriors
  A deep troll shaman (Lair:5)
  9 death yaks
  2 tengu warriors
  3 hell hogs (Abyss:4)
  Urug (D:13)
  2 thrashing horrors (Abyss:4)
  5 orc high priests (Orc:2)
  6 naga sharpshooters
  2 shock serpents
  Sonja (Orc:1)
  2 wretched stars (Abyss:4)
  A salamander mystic (Snake:1)
  4 skeletal warriors (D:14)
  10 sea snakes
  A swamp dragon (Abyss:4)
  A spatial maelstrom (Abyss:4)
  Lodul (D:11)
  A glowing orange brain (Gauntlet)
  6 naga ritualists
  An orb spider (Abyss:4)
  2 phantasmal warriors
  A lindwurm (Lair:5)
  12 orc knights
  A necromancer (D:12)
  3 oklob plants (D:11)
  8 harpies (Shoals:4)
  4 deep elf pyromancers
  5 fauns (Shoals:3)
  Maurice (Orc:2)
  10 manticores
  16 mana vipers
  15 ugly things
  8 cyclopes
  3 large abominations (Abyss:4)
  10 salamanders
  7 guardian serpents
  35 black mambas
  A worldbinder (Abyss:4)
  8 merfolk sirens
  21 elephants
  10 naga magi
  2 water nymphs (Shoals:3)
  2 apocalypse crabs (Abyss:4)
  An orange demon (Abyss:4)
  2 gargoyles
  9 komodo dragons
  12 cane toads
  A kobold demonologist (D:14)
  A rime drake (Lair:5)
  A tengu conjurer (Gauntlet)
  4 freezing wraiths
  2 wind drakes (Shoals:1)
  11 merfolk
  6 trolls
  A blink frog (shapeshifter) (D:12)
  A hornet (shapeshifter) (D:13)
  A hornet (D:9)
  3 polar bears (Lair:5)
  7 blink frogs
  14 slime creatures
  Grinder (D:5)
  4 snapping turtles
  2 dream sheep (Shoals:3)
  A ynoxinul (Abyss:4)
  Sigmund (D:6)
  6 water elementals
  11 starcursed masses (Abyss:4)
  4 wyverns
  A centaur simulacrum (D:12)
  A yak (shapeshifter) (D:15)
  3 basilisks
  3 wraiths
  5 hogs (Snake:3)
  A vampire (D:13)
  A chaos spawn (Abyss:4)
  16 humans (D:13)
  55 yaks
  9 vampire mosquitoes
  A spatial vortex (Abyss:4)
  A steam dragon (D:9)
  29 nagas
  2 wargs (Orc:1)
  An acid dragon (D:8)
  Edmund (D:6)
  17 water moccasins
  Duvessa (D:6)
  An ice beast (D:6)
  41 orc warriors
  A swamp drake (D:10)
  3 black bears
  11 wolves (Lair:5)
  A wolf (shapeshifter) (D:13)
  14 ogres
  3 centaurs
  A phantom (D:5)
  6 gnoll sergeants
  3 kobold brigands
  11 bullfrogs
  3 necrophages
  3 scorpions
  11 wights
  A small abomination (Abyss:4)
  Dowan (D:6)
  9 killer bees
  6 electric eels
  A howler monkey (shapeshifter) (D:15)
  A howler monkey (D:5)
  7 jellies
  2 hounds
  30 orc priests
  2 gnoll boudas
  An iguana (D:4)
  19 orc wizards
  7 hell rats (Lair:5)
  Terence (D:2)
  5 adders
  30 gnolls
  5 shadow imps (D:5)
  3 white imps
  3 ufetubi (D:5)
  A worm (D:4)
  2 dart slugs
  103 orcs
  12 ball pythons
  3 bats
  4 endoplasms
  A giant cockroach (D:3)
  3 hobgoblins
  2 jackals (D:2)
  21 kobolds
  A quokka (D:1)
  2 frilled lizards
  3 goblins
  4 rats
  2 briar patches (Abyss:4)
  A butterfly (Lair:2)
  5 tentacles (Shoals:4)
1011 creatures vanquished.

Vanquished Creatures (others)
  2 demonic plants (D:5)
  26 fungi
  86 plants
  2 starspawn tentacles (Abyss:4)
  6 tentacles (Shoals:4)
122 creatures vanquished.

Grand Total: 1133 creatures vanquished

Notes
Turn   | Place    | Note
-------+----------+-------------------------------------------
     0 | D:1      | Flugkiller the Minotaur Fighter began the quest for the
                  | Orb.
     0 | D:1      | Reached XP level 1. HP: 19/19 MP: 0/0
   347 | D:1      | Reached XP level 2. HP: 25/27 MP: 1/1
  1038 | D:2      | Reached XP level 3. HP: 31/33 MP: 2/2
  1251 | D:2      | Found a faded altar of an unknown god.
  1317 | D:2      | Noticed Terence
  1323 | D:2      | Killed Terence
  1772 | D:3      | Reached XP level 4. HP: 40/40 MP: 3/3
  2344 | D:4      | Found a sparkling altar of Nemelex Xobeh.
  2372 | D:4      | Found a basalt altar of Yredelemnul.
  2390 | D:4      | Found a hide-covered altar of Uskayaw.
  2402 | D:4      | Found a shadowy altar of Dithmenos.
  2448 | D:4      | Found Move's Assorted Antiques.
  2456 | D:4      | Bought a heavily runed brass ring for 95 gold pieces
  2456 | D:4      | Identified the ring of the Gastropod {rPois rC+ rN++ EV+4}
                  | (You bought it in a shop on level 4 of the Dungeon)
  2457 | D:4      | Bought a scroll labelled IGRE VIERUETA for 19 gold pieces
  2457 | D:4      | Bought a scroll labelled WANE DARUDU for 19 gold pieces
  2482 | D:4      | Found an iron altar of Okawaru.
  2491 | D:4      | Became a worshipper of Warmaster Okawaru
  2579 | D:4      | Found a radiant altar of Vehumet.
  2746 | D:4      | Reached XP level 5. HP: 47/47 MP: 4/4
  2911 | D:5      | Entered Level 5 of the Dungeon
  2929 | D:5      | Noticed an air elemental
  2931 | D:5      | Found a stormy altar of Qazlal.
  2934 | D:5      | Noticed a water elemental
  2934 | D:5      | Noticed a fire elemental
  2975 | D:5      | Reached skill level 5 in Axes
  2975 | D:5      | Reached skill level 1 in Invocations
  2986 | D:5      | Reached * piety under Okawaru
  3157 | D:5      | Reached skill level 5 in Fighting
  3157 | D:5      | Reached XP level 6. HP: 53/56 MP: 6/6
  3158 | D:5      | Reached skill level 5 in Armour
  3385 | D:5      | Found Xaidgh's Serpentskin Sales.
  3492 | D:5      | Noticed a water moccasin
  3501 | D:5      | Killed a water moccasin
  3565 | D:5      | Found a staircase to the Ecumenical Temple.
  3598 | D:5      | Reached XP level 7. HP: 48/61 MP: 7/7
  3734 | D:5      | Noticed Grinder
  3737 | D:5      | Reached ** piety under Okawaru
  3749 | D:5      | Killed Grinder
  3936 | D:6      | Noticed Dowan
  3942 | D:6      | Killed Dowan
  3952 | D:6      | Reached XP level 8. HP: 67/70 MP: 7/9
  3961 | D:6      | Noticed Duvessa
  3970 | D:6      | Killed Duvessa
  4145 | D:6      | Found a runed translucent gate.
  4145 | D:6      | Found a runed translucent gate.
  4147 | D:6      | Found a runed translucent gate.
  4177 | D:6      | Noticed Edmund
  4186 | D:6      | Killed Edmund
  4909 | D:6      | Reached XP level 9. HP: 63/79 MP: 9/11
  5059 | D:6      | Noticed Sigmund
  5063 | D:6      | Killed Sigmund
  5063 | D:6      | Reached *** piety under Okawaru
  5105 | D:6      | Noticed Nebesus's ghost (amateur NaNe)
  5483 | D:7      | Reached skill level 5 in Invocations
  5485 | D:7      | Reached skill level 10 in Axes
  5581 | D:7      | Noticed a troll
  5591 | D:7      | Killed a troll
  5724 | D:7      | Found a shimmering altar of Xom.
  6123 | D:8      | Noticed a two-headed ogre
  6433 | D:8      | Reached **** piety under Okawaru
  6630 | D:8      | Reached XP level 10. HP: 84/90 MP: 1/13
  7099 | D:8      | Killed a two-headed ogre
  8097 | D:9      | Reached ***** piety under Okawaru
  8381 | D:9      | Found a runed translucent door.
  8394 | D:9      | Found a runed translucent door.
  8469 | D:9      | Found a runed translucent door.
  8529 | D:9      | Found an opulent altar of Gozag.
  8616 | D:9      | Found a runed translucent door.
  8937 | D:9      | Reached skill level 1 in Evocations
  9337 | D:10     | Entered Level 10 of the Dungeon
  9349 | D:10     | Noticed a gargoyle
  9358 | D:10     | Killed a gargoyle
  9418 | D:10     | Noticed Erolcha
  9429 | D:10     | Killed Erolcha
  9545 | D:10     | Reached XP level 11. HP: 97/97 MP: 12/15
  9673 | D:10     | Received a gift from Okawaru
  9674 | D:10     | Reached skill level 5 in Evocations
  9860 | D:10     | Found a runed translucent door.
 10091 | D:10     | Found a staircase to the Orcish Mines.
 10320 | D:10     | Noticed jt's ghost (journeyman PaHW)
 10604 | D:11     | You fall into a shaft and drop 1 floor!
 10726 | D:12     | Reached skill level 10 in Armour
 10731 | D:12     | Reached skill level 10 in Fighting
 11047 | D:11     | Found a staircase to the Lair.
 11047 | D:11     | Noticed an oklob plant
 11047 | D:11     | Noticed an oklob plant
 11161 | D:11     | Found Foixujij's Antique Weapon Boutique.
 11233 | D:11     | Bought a runed broad axe for 203 gold pieces
 11248 | D:11     | Noticed Lodul
 11251 | D:11     | Killed Lodul
 11348 | D:11     | Noticed an oklob plant
 11390 | D:11     | Killed an oklob plant
 11397 | D:11     | Killed an oklob plant
 11514 | D:11     | Killed an oklob plant
 11621 | Lair:1   | Entered Level 1 of the Lair of Beasts
 11700 | Lair:1   | Reached skill level 5 in Shields
 11756 | Lair:1   | Noticed a four-headed hydra
 11771 | Lair:1   | Killed a 13-headed hydra
 12117 | Lair:1   | Found a runed translucent gate.
 12117 | Lair:1   | Found a runed translucent gate.
 12117 | Lair:1   | Found a runed translucent gate.
 12195 | Lair:1   | Reached XP level 12. HP: 107/107 MP: 4/16
 12346 | Lair:1   | Noticed a seven-headed hydra
 12346 | Lair:1   | Noticed a seven-headed hydra
 12354 | Lair:1   | Killed a 12-headed hydra
 12354 | Lair:1   | Identified the +11 hand axe of Infinity {venom, rPois Will-
                  | Str+6 SInv} (Okawaru gifted it to you on level 1 of the
                  | Lair of Beasts)
 12354 | Lair:1   | Received a gift from Okawaru
 12360 | Lair:1   | Killed a 16-headed hydra
 12856 | Lair:1   | Noticed an 11-headed hydra
 12856 | Lair:1   | Noticed Flugkiller's ghost (journeyman MiFi)
 13582 | Lair:2   | Found a gate leading to a gauntlet.
 13601 | Gauntlet | Entered a Gauntlet
 13601 | Gauntlet | Found a transporter.
 13601 | Gauntlet | Found a transporter.
 13605 | Gauntlet | Found a transporter.
 13605 | Gauntlet | Found a transporter.
 13607 | Gauntlet | Noticed a tengu warrior
 13616 | Gauntlet | Found a transporter.
 13623 | Gauntlet | Found a transporter.
 13631 | Gauntlet | Noticed a two-headed ogre
 13631 | Gauntlet | a floating eye changed into a two-headed ogre
 13632 | Gauntlet | a two-headed ogre changed into a deep troll
 13633 | Gauntlet | Found a transporter.
 13636 | Gauntlet | Found a transporter.
 13636 | Gauntlet | Noticed a catoblepas
 13657 | Gauntlet | Found a transporter.
 13664 | Gauntlet | Found a transporter.
 13678 | Gauntlet | Found a transporter.
 13698 | Gauntlet | Found a transporter.
 13744 | Gauntlet | Found a transporter.
 13758 | Gauntlet | Found a transporter.
 13861 | Gauntlet | Found a transporter.
 13865 | Gauntlet | Noticed an ice dragon
 13871 | Gauntlet | Noticed a satyr
 13871 | Gauntlet | an ice dragon changed into a satyr
 13873 | Gauntlet | Noticed an anaconda
 13873 | Gauntlet | a satyr changed into an anaconda
 13875 | Gauntlet | an anaconda changed into something unseen
 13876 | Gauntlet | Noticed a death yak
 13882 | Gauntlet | Found a transporter.
 13883 | Gauntlet | Noticed a dire elephant
 13883 | Gauntlet | a death yak changed into a dire elephant
 13884 | Gauntlet | Noticed a quicksilver dragon
 13884 | Gauntlet | a dire elephant changed into a quicksilver dragon
 13886 | Gauntlet | Noticed a stone giant
 13886 | Gauntlet | a quicksilver dragon changed into a stone giant
 13890 | Gauntlet | a stone giant changed into an iron troll
 13895 | Gauntlet | Noticed a golden dragon
 13895 | Gauntlet | an iron troll changed into a golden dragon
 13896 | Gauntlet | Noticed a caustic shrike
 13896 | Gauntlet | a golden dragon changed into a caustic shrike
 13908 | Gauntlet | Noticed a shadow dragon
 13908 | Gauntlet | a shadow dragon changed into an iron troll
 13910 | Gauntlet | Noticed a fire giant
 13910 | Gauntlet | an iron troll changed into a fire giant
 13914 | Gauntlet | Noticed a death yak
 13914 | Gauntlet | a fire giant changed into a death yak
 13918 | Gauntlet | Noticed a quicksilver ooze
 13918 | Gauntlet | a death yak changed into a quicksilver ooze
 13920 | Gauntlet | Noticed a minotaur
 13920 | Gauntlet | a quicksilver ooze changed into a minotaur
 13935 | Gauntlet | Noticed an azure jelly
 13935 | Gauntlet | a minotaur changed into an azure jelly
 13976 | Gauntlet | Killed a tengu warrior
 13976 | Gauntlet | Received a gift from Okawaru
 13985 | Gauntlet | Identified the +2 leather armour of a Labyrinth {rN+++
                  | Str-3 Int-3 Dex+4}
 14013 | Gauntlet | Noticed a fire dragon
 14017 | Gauntlet | Noticed an azure jelly
 14019 | Gauntlet | Noticed a quicksilver dragon
 14019 | Gauntlet | an azure jelly changed into a quicksilver dragon
 14026 | Gauntlet | Noticed a fenstrider witch
 14026 | Gauntlet | a quicksilver dragon changed into a fenstrider witch
 14032 | Gauntlet | Noticed a fenstrider witch
 14033 | Gauntlet | Noticed an azure jelly
 14033 | Gauntlet | a fenstrider witch changed into an azure jelly
 14044 | Gauntlet | Noticed an acid blob
 14044 | Gauntlet | an azure jelly changed into an acid blob
 14047 | Gauntlet | Noticed a shadow dragon
 14047 | Gauntlet | an acid blob changed into a shadow dragon
 14269 | Gauntlet | Identified the ring of Egiwit {rPois rC+ Dex+6 SInv}
 14340 | Gauntlet | Noticed a minotaur
 14348 | Gauntlet | Killed a minotaur
 14349 | Gauntlet | Reached skill level 15 in Axes
 14503 | Lair:2   | Noticed a four-headed hydra
 14514 | Lair:2   | Killed a seven-headed hydra
 14514 | Lair:2   | Received a gift from Okawaru
 14695 | Lair:2   | Reached skill level 1 in Throwing
 14954 | Lair:2   | Reached XP level 13. HP: 111/116 MP: 0/18
 16020 | Lair:3   | Found a staircase to the Shoals.
 16162 | Lair:3   | Found a staircase to the Snake Pit.
 16727 | Lair:4   | Reached skill level 10 in Shields
 16914 | Lair:4   | Received a gift from Okawaru
 17516 | Lair:4   | Noticed an azure jelly
 17532 | Lair:4   | Killed an azure jelly
 17671 | Lair:4   | Identified the +2 pair of gloves of Noon {*Corrode rElec
                  | Dex-4 SInv} (Okawaru gifted it to you on level 4 of the
                  | Lair of Beasts)
 17671 | Lair:4   | Received a gift from Okawaru
 17783 | Lair:4   | Found a viscous altar of Jiyva.
 18278 | Lair:5   | Entered Level 5 of the Lair of Beasts
 18808 | Lair:5   | Reached XP level 14. HP: 115/126 MP: 0/20
 19678 | Lair:5   | Reached skill level 10 in Invocations
 19804 | Lair:5   | Identified the -2 kite shield "Qausec" {rF+ Str+3} (Okawaru
                  | gifted it to you on level 5 of the Lair of Beasts)
 19804 | Lair:5   | Received a gift from Okawaru
 20419 | Lair:5   | Reached skill level 5 in Throwing
 20575 | Lair:5   | Identified the +7 falchion of the Vase {freeze, rPois rF++
                  | Dex+2}
 20586 | Lair:5   | Identified the +1 robe of Narcissism {rElec rC+ Dex+2}
 20813 | D:12     | Identified the ring of Piodwiph {Fly rPois Str-4 Slay+6
                  | Stlth-}
 21155 | D:12     | Identified the ring "Kaughyxt" {MP+9 Int+6}
 21339 | D:12     | Found a shadowy altar of Dithmenos.
 21635 | D:12     | Identified the amulet "Safeubem" {Faith Dex+2}
 22793 | D:13     | Received a gift from Okawaru
 22956 | D:13     | Reached XP level 15. HP: 134/135 MP: 18/21
 23409 | D:13     | Found a gate to the Vaults.
 23410 | D:13     | Noticed Urug
 23436 | D:13     | Killed Urug
 23437 | D:13     | Reached ****** piety under Okawaru
 24174 | D:14     | Received a gift from Okawaru
 24205 | D:14     | HP: 3/136 [cyclops/large rock (16)]
 24537 | D:14     | Identified the +1 hat of Skepticism {Str+5} (Okawaru gifted
                  | it to you on level 14 of the Dungeon)
 24537 | D:14     | Received a gift from Okawaru
 25330 | D:14     | Found a bloodstained altar of Trog.
 25457 | D:15     | Entered Level 15 of the Dungeon
 25507 | D:15     | Identified the +8 dagger of the Land of Plenty {speed, rF+
                  | rC++ SInv Stlth+}
 26662 | D:15     | Found a staircase to the Depths.
 26708 | D:15     | Found a runed translucent door.
 26708 | D:15     | Noticed Gahoodgh's ghost (adept HuCj)
 27080 | Orc:1    | Entered Level 1 of the Orcish Mines
 27084 | Orc:1    | Noticed Sonja
 27098 | Orc:1    | Killed Sonja
 27316 | Orc:1    | Found Luluduit's Overcharged Wands.
 27416 | Orc:1    | Noticed Harold
 27426 | Orc:1    | Killed Harold
 27688 | Orc:2    | Entered Level 2 of the Orcish Mines
 27762 | Orc:2    | Found a staircase to the Elven Halls.
 27814 | Orc:2    | Noticed Maurice
 27831 | Orc:2    | Killed Maurice
 28046 | Orc:2    | Reached skill level 15 in Shields
 28348 | Orc:2    | Received a gift from Okawaru
 28597 | Orc:2    | Found Vyceihu's Assorted Antiques.
 28597 | Orc:2    | Found Sysotips's Distillery.
 28598 | Orc:2    | Found Xet Jaf's Jewellery Boutique.
 28598 | Orc:2    | Found Caciczej's General Store.
 28605 | Orc:2    | Bought a scroll labelled ORHIHU QUMPI for 31 gold pieces
 28605 | Orc:2    | Acquired the amulet of Yghaateh {rElec Regen+}
 28619 | Orc:2    | Bought a scroll of fear for 64 gold pieces
 28620 | Orc:2    | Bought a potion of heal wounds for 60 gold pieces
 28620 | Orc:2    | Bought a potion of heal wounds for 60 gold pieces
 28837 | Orc:2    | Found a runed translucent gate.
 28837 | Orc:2    | Found a runed translucent gate.
 28838 | Orc:2    | Found a runed translucent gate.
 28844 | Orc:2    | Noticed zikan's ghost (journeyman DsNe)
 29118 | Snake:1  | Entered Level 1 of the Snake Pit
 29124 | Snake:1  | Reached XP level 16. HP: 124/147 MP: 14/23
 29236 | Snake:1  | Noticed Asterion
 29238 | Snake:1  | Found Buoninn's General Store.
 29245 | Snake:1  | Noticed an Executioner
 29246 | Snake:1  | Killed Asterion
 29627 | Snake:1  | Received a gift from Okawaru
 29934 | Snake:1  | Reached skill level 15 in Fighting
 29940 | Snake:1  | Reached skill level 15 in Armour
 29940 | Snake:1  | Identified the +2 robe "Wimmay" {rN+} (Okawaru gifted it to
                  | you on level 1 of the Snake Pit)
 29940 | Snake:1  | Received a gift from Okawaru
 30627 | Snake:3  | Found Qumid's Weapon Emporium.
 30628 | Snake:3  | Found Omirphyirph's Armour Shoppe.
 30628 | Snake:3  | Found Nitaetuz's Antique Weapon Emporium.
 30648 | Snake:3  | Noticed Kirke
 30682 | Snake:3  | Killed Kirke
 30811 | Snake:3  | Found Bakaqaf's Book Shoppe.
 30820 | Snake:3  | Bought a +2 pair of gloves for 330 gold pieces
 30868 | Snake:3  | Noticed Aizul
 30879 | Snake:3  | Killed Aizul
 31009 | Snake:3  | Reached skill level 10 in Throwing
 31017 | Snake:3  | Identified the +10 hand axe of Ylisucie {drain, rF+ Int+6}
                  | (Okawaru gifted it to you on level 3 of the Snake Pit)
 31017 | Snake:3  | Received a gift from Okawaru
 31376 | Snake:4  | Entered Level 4 of the Snake Pit
 31492 | Snake:4  | Reached XP level 17. HP: 90/159 MP: 17/24
 31680 | Snake:4  | Received a gift from Okawaru
 31737 | Snake:4  | Received a gift from Okawaru
 31822 | Snake:4  | Received a gift from Okawaru
 32022 | Snake:4  | Noticed a quicksilver dragon
 32022 | Snake:4  | Noticed a quicksilver dragon
 32030 | Snake:4  | Killed a quicksilver dragon
 32037 | Snake:4  | Killed a quicksilver dragon
 32037 | Snake:4  | Received a gift from Okawaru
 32043 | Snake:4  | Got a serpentine rune of Zot
 32172 | Shoals:1 | Entered Level 1 of the Shoals
 32172 | Shoals:1 | Noticed Donald
 32190 | Shoals:1 | Killed Donald
 32385 | Shoals:2 | Reached skill level 1 in Dodging
 32448 | Shoals:3 | Received a gift from Okawaru
 32725 | Shoals:4 | Entered Level 4 of the Shoals
 32732 | Shoals:4 | Received a gift from Okawaru
 32947 | Shoals:4 | Identified the ring of Xoplew {rElec rF+ Dex+3}
 32995 | Shoals:4 | Noticed Ilsuiw
 33025 | Shoals:4 | Killed Ilsuiw
 33240 | Shoals:4 | Noticed a kraken
 33248 | Shoals:4 | Killed a kraken
 33337 | Shoals:4 | Received a gift from Okawaru
 33546 | Shoals:4 | Noticed a kraken
 33560 | Shoals:4 | Killed a kraken
 33570 | Shoals:4 | Reached skill level 5 in Dodging
 33576 | Shoals:4 | Reached XP level 18. HP: 88/171 MP: 19/25
 33582 | Shoals:4 | Got a barnacled rune of Zot
 33648 | Abyss:4  | Cast into level 4 of the Abyss (unwielding a weapon of
                  | distortion)
 34041 | Abyss:4  | Found a runed translucent door.
 34051 | Abyss:4  | Noticed a bone dragon
 34067 | Abyss:4  | Noticed a bone dragon
 34080 | Abyss:4  | Slain by a bone dragon

Illustrated notes

Levels and vault maps discovered:
D:1:      tarquinn_simple_flora_water_a, layout_basic
D:2:      layout_basic, hellmonk_ecumenical_altar_pennies_from_heaven,
          hangedman_decor_points, uniq_terence
D:3:      layout_rooms, hangedman_decor_growths, chequers_serial_rivers_micro_d
D:4:      layout_cave_pools, kennysheep_okawaru_gauntlet,
          mainiacjoe_overflow_tiny_flanked, nicolae_overflow_quartered_altars,
          serial_shops, nicolae_diamond_shop
D:5:      layout_rooms, nicolae_qazlal_style_of_elements,
          minmay_temple_entry_metal_lava, serial_demonic, serial_demonic_f,
          serial_demonic_d, serial_demonic_b, serial_demonic_d,
          dreamdust_princess_bridge, guppyfry_shop_venom, uniq_grinder
D:6:      layout_loops_ring, ebering_ghost_rock_garden, uniq_duvessa,
          uniq_sigmund, uniq_edmund
D:7:      layout_basic, general_overflow_altar
D:8:      layout_rooms, special_room [special_room_orc]
D:9:      layout_cave_pods, nicolae_gozag_seed_capital,
          minmay_statue_crystal_thing
D:10:     layout_cave_pools, erik_orc_1, ebering_ghost_reflecting_pool,
          uniq_erolcha
D:11:     layout_basic, dpeg_oklobed_lair, serial_shops,
          nicolae_shop_waterfront, uniq_lodul
D:12:     minmay_the_grid_square_5x5_3x3
          [minmay_the_grid_square_5x5_broken_cross,
          minmay_the_grid_square_5x5_inner_v,
          minmay_the_grid_square_5x5_shrine1, minmay_the_grid_square_5x5_two,
          minmay_the_grid_square_5x5_megaprize_crossed,
          minmay_the_grid_square_5x5_tie, minmay_the_grid_square_5x5_slash,
          minmay_the_grid_square_5x5_forky,
          minmay_the_grid_square_5x5_six_small], layout_cave_pods
D:13:     layout_loops_ring, david_vaults_3, serial_bayou, serial_bayou_shore_b,
          serial_bayou_shore_b, serial_bayou_shore_b, serial_bayou_pond_c,
          serial_bayou_pond_e, serial_bayou_lagoon_a
D:14:     layout_cave_pools, trog_three_pillars_becter
D:15:     grunt_enter_depths_hoard, layout_loops_ring, gammafunk_ghost_grave,
          grunt_ministairs_9
Lair:1:   layout_chaotic_city, gammafunk_ghost_hydra_chop, serial_bayou_shore_b,
          infiniplex_staircase_pool_2
Lair:2:   layout_gridlike, gauntlet_entry_generic, infiniplex_staircase_pool,
          grunt_megastairs_4, lemuel_fruit_fields, lemuel_fruit_tree
Lair:3:   layout_gridlike, elwin_shoals_entry_rocks,
          minmay_snake_entry_guardpost_small, grunt_megastairs_5
Lair:4:   layout_gridlike, minmay_slime_entry_oklob_enclosed, enter_volcano_1,
          nicolae_lair_time_for_slime, grunt_megastairs_2
Lair:5:   grunt_lair_end_beastmaster, layout_cave_pods
Shoals:1: layout_shoals, hangedman_shoals_cup_caves, uniq_donald
Shoals:2: layout_shoals, portal_ice_cave_entry_pillars_1, uniq_polyphemus
Shoals:3: layout_shoals, ebering_ghost_rock_garden
Shoals:4: shoals_end_hangedman, layout_shoals, shoals_ilsuiw_ice
Snake:1:  layout_onion, serial_shops, nicolae_shop_statue_plus,
          grunt_megastairs_1, serial_bayou_shore_a, uniq_asterion
Snake:2:  layout_onion, serial_shops, nicolae_shop_advertising_works
          [nicolae_subvault_shop_adworks], minmay_shop_grove,
          serial_bayou_shore_b
Snake:3:  layout_concentric_octagons, nicolae_snake_mages_go_home,
          minmay_shoptagon, uniq_aizul, uniq_kirke, uniq_jorgrun
Snake:4:  hellmonk_snake_rune_quicksilver_temple, layout_rooms, serial_bayou,
          serial_bayou_pond_a, serial_bayou_shore_b, serial_bayou_pond_e,
          serial_bayou_crossing, minmay_snake_pond, uniq_roxanne
Orc:1:    layout_caves, nicolae_orc_damp_corner, nicolae_shop_overcharged_wands,
          uniq_harold, uniq_sonja
Orc:2:    st_orc_pillars, layout_caves, maelrawn_ghost_gauntlet_escape,
          uniq_maurice
Abyss:4:  base: D:14, base: D:6, evilmike_abyss_exit_kraken,
          evilmike_abyss_exit_glass, evilmike_abyss_rune_ettins,
          guppyfry_abyss_exit_imp_island, hangedman_decor_riveting,
          hangedman_abyss_river_spirits, minivault_13,
          nicolae_abyss_rune_left_handed

Skill      XL: |  1  2  3  4  5  6  7  8  9 10 11 12 13 14 15 16 17 18 |
---------------+-------------------------------------------------------+-----
Axes           | 3 4 5 6 7 9 11 12 13 15 16 17 18 | 18.0
Fighting       | 4 5 6 7 8 9 10 11 12 13 14 16 17 18 | 18.2
Armour         | 4 5 6 7 8 9 10 11 12 13 14 16 17 18 | 18.1
Invocations    | 1 2 3 4 5 6 7 8 9 10 11 | 11.0
Evocations     | 4 6 |  6.0
Shields        | 5 8 11 13 15 | 15.0
Throwing       | 1 3 5 7 10 12 | 12.5
Dodging        | 5 |  5.9

Action                   |  1- 3 |  4- 6 |  7- 9 | 10-12 | 13-15 | 16-18 || total
-------------------------+-------+-------+-------+-------+-------+-------++-------
Melee: War axe           |    63 |   102 |   215 |    74 |       |       ||   454
       Headbutt          |     9 |    16 |    41 |   101 |   211 |   217 ||   595
       Battleaxe         |       |       |       |   165 |       |       ||   165
       Broad axe         |       |       |       |   192 |   863 |   745 ||  1800
       Unarmed           |       |       |       |       |       |     6 ||     6
Throw: Javelin           |       |       |       |     4 |     6 |       ||    10
Invok: Heroism           |       |       |    11 |    18 |    24 |    29 ||    82
       Finesse           |       |       |       |     2 |     3 |    14 ||    19
Evoke: Wand              |       |       |       |     3 |       |       ||     3
       Condenser vane    |       |       |       |       |     2 |     1 ||     3
  Use: Scroll            |       |     9 |       |    17 |     8 |     5 ||    39
       Potion            |       |       |     1 |       |     3 |     6 ||    10
 Stab: Invisible         |       |       |       |     1 |       |       ||     1
       Paralysed         |       |       |       |     4 |       |       ||     4
       Petrified         |       |       |       |       |     5 |       ||     5
       Petrifying        |       |       |       |       |     2 |       ||     2
Armor: Scale mail        |    34 |    59 |    66 |    42 |       |       ||   201
       Plate armour      |       |       |       |   157 |   400 |   135 ||   692
       Crystal plate arm |       |       |       |       |       |   178 ||   178
Dodge: Dodged            |    25 |   101 |   190 |   419 |   435 |   220 ||  1390
Block: Buckler           |    20 |    20 |    50 |    82 |    65 |       ||   237
       Kite shield       |       |       |       |       |   431 |   455 ||   886
       Reflection        |       |       |       |       |       |    26 ||    26

Table legend: (Time is in decaauts)
 A = Elapsed time spent in this place.
 B = Non-inter-level travel time spent in this place.
 C = Inter-level travel time spent in this place.
 D = Time resting spent in this place.
 E = Time spent auto-exploring this place.
 F = Levels seen in this place.
 G = Mean time per level.
                   A        B        C        D        E       F      G
               +--------+--------+--------+--------+--------+-----+--------+
         Total |  33740 |  32384 |   1356 |   3806 |  23297 |  32 | 1054.4 |
       Dungeon |  18055 |  17274 |    781 |   2594 |  12334 |  15 | 1203.7 |
          Lair |   8655 |   8296 |    359 |    581 |   6712 |   5 | 1731.0 |
        Shoals |   1266 |   1266 |      0 |    151 |    660 |   4 |  316.5 |
     Snake Pit |   2731 |   2563 |    168 |     54 |   1840 |   4 |  682.8 |
  Orcish Mines |   1871 |   1825 |     46 |    240 |   1231 |   2 |  935.5 |
         Abyss |    414 |    414 |      0 |     28 |    196 |   1 |  414.0 |
      Gauntlet |    747 |    747 |      0 |    158 |    323 |   1 |  747.0 |
               +--------+--------+--------+--------+--------+-----+--------+

Top non-repeatable levels by time:
  Lair:5: 2334 daAuts
    D:13: 2264 daAuts
  Lair:3: 1678 daAuts
  Lair:2: 1579 daAuts
  Lair:4: 1575 daAuts
    D:12: 1526 daAuts
    D:15: 1496 daAuts
  Lair:1: 1487 daAuts
     D:8: 1471 daAuts
     D:5: 1409 daAuts
    D:11: 1403 daAuts
     D:9: 1349 daAuts
     D:7: 1152 daAuts
 Snake:1: 1119 daAuts
    D:10: 1111 daAuts
